[Event "Bionext Festival 2019"]
[Site "Chihuahua"]
[Date "2019.11.30"]
[Round "1.2"]
[White "Ortiz Suarez, Isan Reynaldo"]
[Black "Carballo Jacquez, Emmanuel"]
[Result "1-0"]
[ECO "A25"]
[WhiteElo "2549"]
[BlackElo "1616"]
[Annotator "ChessBase"]
[PlyCount "89"]
[EventDate "2019.11.30"]
[EventType "swiss"]
[EventCountry "MEX"]
[SourceTitle "playchess.com"]
[Source "ChessBase"]
[SourceQuality "1"]
[TimeControl "5400+30"]

1. c4 e5 2. g3 Nc6 3. Bg2 f5 4. Nc3 Nf6 5. d3 Bc5 6. Nf3 O-O 7. O-O Qe7 8. Bg5 Qf7 9. Bxf6 Qxf6 10. Nd5 Qd8 11. a3 d6 12. e3 a6 13. d4 Ba7 14. dxe5 Nxe5 15. Qb3 c6 16. Nf4 Qb6 17. Qc3 Qc5 18. Rac1 Nxf3+ 19. Bxf3 Qe5 20. Rfd1 g5 21. Nh5 Qxc3 22. Rxc3 Rd8 23. Rcd3 Bb8 24. e4 Be6 25. exf5 Bxf5 26. Be4 Rf8 27. Bxf5 Rxf5 28. g4 Rf7 29. Ng3 Rf4 30. Rd4 Ba7 31. Rxf4 gxf4 32. Ne4 Rd8 33. Rxd6 Rxd6 34. Nxd6 Bd4 35. Nxb7 Bxb2 36. a4 f3 37. Nd8 Kg7 38. Nxc6 Kf6 39. Nb4 a5 40. Nd3 Bd4 41. h4 h5 42. gxh5 Kf5 43. c5 Kg4 44. c6 Bb6 45. h6 1-0

[Event "Bionext Festival 2019"]
[Site "Chihuahua"]
[Date "2019.11.30"]
[Round "1.3"]
[White "Esparza Ramirez, Joel Enrique"]
[Black "Cuenca Jimenez, Jose Fernando"]
[Result "0-1"]
[ECO "C01"]
[WhiteElo "1591"]
[BlackElo "2523"]
[Annotator "ChessBase"]
[PlyCount "72"]
[EventDate "2019.11.30"]
[EventType "swiss"]
[EventCountry "MEX"]
[SourceTitle "playchess.com"]
[Source "ChessBase"]
[SourceQuality "1"]
[TimeControl "5400+30"]

1. e4 e6 2. d4 d5 3. exd5 exd5 4. Bd3 Bd6 5. Nf3 Bg4 6. O-O Nc6 7. c3 Nge7 8. Nbd2 Qd7 9. Re1 O-O-O 10. b4 Ng6 11. b5 Nce7 12. Qa4 Kb8 13. Ne5 Nxe5 14. dxe5 Bc5 15. Nb3 Bb6 16. Be3 Rhe8 17. Nc5 Qc8 18. Qb4 Bf5 19. Bf1 Ng6 20. a4 Nxe5 21. a5 Bxc5 22. Qxc5 b6 23. Qd4 Re6 24. axb6 cxb6 25. Qa4 Qc7 26. Bd4 Rde8 27. f4 Nf3+ 28. gxf3 Rxe1 29. Be5 R8xe5 30. fxe5 Rxa1 31. Qxa1 Qxe5 32. Qa3 Qe3+ 33. Kg2 Bh3+ 34. Kxh3 Qxf3+ 35. Kh4 Qf4+ 36. Kh5 g6# 0-1

[Event "Bionext Festival 2019"]
[Site "Chihuahua"]
[Date "2019.11.30"]
[Round "1.4"]
[White "Macieja, Bartlomiej"]
[Black "Lugo Aldana, Alejandro"]
[Result "1-0"]
[ECO "B42"]
[WhiteElo "2513"]
[BlackElo "1570"]
[Annotator "ChessBase"]
[PlyCount "79"]
[EventDate "2019.11.30"]
[EventType "swiss"]
[EventCountry "MEX"]
[SourceTitle "playchess.com"]
[Source "ChessBase"]
[SourceQuality "1"]
[TimeControl "5400+30"]

1. e4 c5 2. Nf3 e6 3. d4 cxd4 4. Nxd4 a6 5. Bd3 Nf6 6. O-O Qc7 7. Nf3 d6 8. Bf4 Nbd7 9. Nbd2 Be7 10. a4 b6 11. Nc4 Bb7 12. Re1 Ng4 13. h3 Nge5 14. Nfxe5 Nxe5 15. Bxe5 dxe5 16. Qh5 Bf6 17. Ra3 Rb8 18. Ne3 O-O 19. Rc3 Qe7 20. Rb3 g6 21. Qe2 Bc6 22. Bxa6 Bxa4 23. Ra3 Bc6 24. Qc4 Bb7 25. Bxb7 Rxb7 26. Rea1 Qd7 27. Ra8 Rxa8 28. Rxa8+ Kg7 29. Qc8 Qxc8 30. Rxc8 Be7 31. Kf1 f5 32. Rc6 Kf7 33. Nc4 b5 34. Nxe5+ Kf6 35. Nd3 fxe4 36. Nc5 Bxc5 37. Rxc5 e5 38. Ke2 Kf5 39. Ke3 g5 40. g4+ 1-0

[Event "Bionext Festival 2019"]
[Site "Chihuahua"]
[Date "2019.11.30"]
[Round "1.5"]
[White "Ramos, Rubio Evelin Rubi"]
[Black "Della Morte, Pablo"]
[Result "0-1"]
[ECO "B92"]
[WhiteElo "1440"]
[BlackElo "2309"]
[Annotator "NA"]
[PlyCount "88"]
[EventDate "2019.11.30"]
[EventType "swiss"]
[EventCountry "MEX"]
[SourceTitle "playchess.com"]
[Source "ChessBase"]
[SourceQuality "1"]
[TimeControl "5400+30"]

1. e4 c5 2. Nf3 d6 3. d4 cxd4 4. Nxd4 Nf6 5. Nc3 a6 6. Be2 e5 7. Nb3 Be7 8. Be3 Be6 9. Qd2 Nbd7 10. O-O b5 11. f3 O-O 12. Rad1 Qc7 13. Bg5 b4 14. Nd5 Bxd5 15. Bxf6 Nxf6 16. exd5 a5 17. f4 Qb6+ 18. Kh1 Rfd8 19. Bc4 a4 20. Nc1 a3 21. Nd3 Qc7 22. b3 e4 23. Nxb4 Ng4 24. Qe2 f5 25. Nc6 Re8 26. Bb5 Bf6 27. h3 Nh6 28. Qh5 Qb6 29. c4 Rf8 30. g4 fxg4 31. hxg4 e3 32. Rde1 Rae8 33. g5 Nf5 34. Rg1 Bc3 35. Re2 g6 36. Qh3 Re4 37. Rh2 Rf7 38. Qf3 Re8 39. Rc1 Bd2 40. Rd1 e2 41. Rg1 e1=Q 42. Rxe1 Rxe1+ 43. Kg2 Qg1+ 44. Kh3 Re3 0-1

[Event "Bionext Festival 2019"]
[Site "Chihuahua"]
[Date "2019.11.30"]
[Round "1.7"]
[White "Rojas Reyes, Bernardo"]
[Black "Corrales Jimenez, Zenia"]
[Result "0-1"]
[ECO "B34"]
[WhiteElo "1057"]
[BlackElo "2219"]
[Annotator "NA"]
[PlyCount "34"]
[EventDate "2019.11.30"]
[EventType "swiss"]
[EventCountry "MEX"]
[SourceTitle "playchess.com"]
[Source "ChessBase"]
[SourceQuality "1"]
[TimeControl "5400+30"]

1. e4 c5 2. Nf3 Nc6 3. d4 cxd4 4. Nxd4 g6 5. Nc3 Bg7 6. Be3 Nf6 7. Qd2 Ng4 8. O-O-O Nxe3 9. Qxe3 Nxd4 10. Rxd4 Bxd4 11. Qxd4 O-O 12. g4 d6 13. g5 Be6 14. f4 Qa5 15. Nd5 Bxd5 16. Qxd5 Qe1+ 17. Qd1 Qxe4 0-1

[Event "Bionext Festival 2019"]
[Site "Chihuahua"]
[Date "2019.11.30"]
[Round "2.2"]
[White "Sierra Arballo, Jesus"]
[Black "Ortiz Suarez, Isan Reynaldo"]
[Result "0-1"]
[ECO "B30"]
[WhiteElo "2046"]
[BlackElo "2549"]
[Annotator "ChessBase"]
[PlyCount "64"]
[EventDate "2019.11.30"]
[EventType "swiss"]
[EventCountry "MEX"]
[SourceTitle "playchess.com"]
[Source "ChessBase"]
[SourceQuality "1"]
[TimeControl "5400+30"]

1. e4 c5 2. Nf3 d6 3. d3 g6 4. g3 Bg7 5. Bg2 Nc6 6. h3 Rb8 7. O-O b5 8. Nc3 Nf6 9. Be3 b4 10. Ne2 Nd7 11. d4 O-O 12. Qd2 Ba6 13. Rfd1 Qc7 14. Nf4 Rfc8 15. Nd5 Qd8 16. c3 bxc3 17. bxc3 e6 18. Nf4 Na5 19. Rab1 Nc4 20. Qe1 Qa5 21. Nd2 Nxe3 22. Qxe3 Rxb1 23. Rxb1 Qxa2 24. d5 Nb6 25. Re1 e5 26. Ne2 Rb8 27. f4 Nc4 28. Nxc4 Bxc4 29. Nc1 Qc2 30. f5 Rb2 31. Qf3 Bh6 32. fxg6 hxg6 0-1

[Event "Bionext Festival 2019"]
[Site "Chihuahua"]
[Date "2019.11.30"]
[Round "2.3"]
[White "Cuenca Jimenez, Jose Fernando"]
[Black "Guerrero Rodriguez, Alejandra"]
[Result "1-0"]
[ECO "E10"]
[WhiteElo "2523"]
[BlackElo "2016"]
[Annotator "ChessBase"]
[PlyCount "29"]
[EventDate "2019.11.30"]
[EventType "swiss"]
[EventCountry "MEX"]
[SourceTitle "playchess.com"]
[Source "ChessBase"]
[SourceQuality "1"]
[TimeControl "5400+30"]

1. d4 e6 2. c4 Nf6 3. Nf3 c5 4. d5 b5 5. e4 Nxe4 6. Bd3 Nf6 7. Nc3 b4 8. Ne4 d6 9. dxe6 fxe6 10. Nxf6+ gxf6 11. Be4 d5 12. cxd5 f5 13. Ne5 Qh4 14. Bf3 Bb7 15. Qa4+ {[%emt 0:01:48] Bc8 Qd1 Bg7 Be4 Qd8 Bf3} 1-0

[Event "Bionext Festival 2019"]
[Site "Chihuahua"]
[Date "2019.11.30"]
[Round "2.4"]
[White "Garcia Quiroz, Omar Alejandro"]
[Black "Macieja, Bartlomiej"]
[Result "0-1"]
[ECO "A46"]
[WhiteElo "2034"]
[BlackElo "2513"]
[Annotator "ChessBase"]
[PlyCount "82"]
[EventDate "2019.11.30"]
[EventType "swiss"]
[EventCountry "MEX"]
[SourceTitle "playchess.com"]
[Source "ChessBase"]
[SourceQuality "1"]
[TimeControl "5400+30"]

1. d4 Nf6 2. Nf3 e6 3. Bg5 h6 4. Bh4 b6 5. e3 Bb7 6. Bd3 g5 7. Bg3 g4 8. Nfd2 Bxg2 9. Rg1 Bb7 10. Be5 h5 11. Ne4 Bg7 12. Nbd2 Nxe4 13. Bxe4 Bxe4 14. Nxe4 f6 15. Bg3 f5 16. Nc3 Nc6 17. Qe2 h4 18. Bf4 e5 19. dxe5 Nxe5 20. O-O-O c6 21. e4 Qf6 22. exf5 Qxf5 23. Bxe5 Bxe5 24. Rxg4 Kd8 25. h3 Kc7 26. Qc4 Bxc3 27. Qxc3 Rag8 28. Qd4 Qe6 29. Rxg8 Rxg8 30. Qxh4 Qxa2 31. Qf4+ Kc8 32. Qd4 Qe6 33. h4 Rg4 34. Qh8+ Kc7 35. h5 Rh4 36. Qh7 Ra4 37. Qd3 Ra1+ 38. Kd2 Ra5 39. Qg3+ Kc8 40. Qh4 Qd6+ 41. Ke1 Re5+ 0-1

[Event "Bionext Festival 2019"]
[Site "Chihuahua"]
[Date "2019.11.30"]
[Round "2.5"]
[White "Della Morte, Pablo"]
[Black "Ibarra Elizarraras, Juan Jose"]
[Result "1-0"]
[ECO "C07"]
[WhiteElo "2309"]
[BlackElo "1889"]
[Annotator "NA"]
[PlyCount "47"]
[EventDate "2019.11.30"]
[EventType "swiss"]
[EventCountry "MEX"]
[SourceTitle "playchess.com"]
[Source "ChessBase"]
[SourceQuality "1"]
[TimeControl "5400+30"]

1. e4 e6 2. d4 d5 3. Nd2 c5 4. Ngf3 Nd7 5. Bd3 Bd6 6. e5 Bc7 7. c3 cxd4 8. cxd4 f6 9. O-O Ne7 10. exf6 Nxf6 11. Re1 O-O 12. Ne5 Nc6 13. Ndf3 Bd6 14. Bg5 Qb6 15. b3 Bb4 16. Re3 Kh8 17. Nxc6 bxc6 18. Ne5 Bc3 19. Rh3 Ne4 20. Bxe4 dxe4 21. Qh5 h6 22. Bxh6 Rf5 23. Bxg7+ Kxg7 24. Qh8# 1-0

[Event "Bionext Festival 2019"]
[Site "Chihuahua"]
[Date "2019.11.30"]
[Round "2.6"]
[White "Nunez Hirales, Juan Alejandro"]
[Black "Tello Chavez, Isaac Valent"]
[Result "1/2-1/2"]
[ECO "D00"]
[WhiteElo "2016"]
[BlackElo "2274"]
[Annotator "NA"]
[PlyCount "122"]
[EventDate "2019.11.30"]
[EventType "swiss"]
[EventCountry "MEX"]
[SourceTitle "playchess.com"]
[Source "ChessBase"]
[SourceQuality "1"]
[TimeControl "5400+30"]

1. d4 c6 2. Nc3 d5 3. Bf4 Bf5 4. e3 e6 5. f3 Be7 6. Bd3 Bg6 7. Nge2 Nd7 8. Qd2 b5 9. Bg3 Ngf6 10. Nf4 b4 11. Na4 O-O 12. O-O c5 13. dxc5 Nxc5 14. Nxc5 Bxc5 15. Bxg6 hxg6 16. Nd3 Qb6 17. Nxc5 Qxc5 18. Rfc1 a5 19. c3 Ra6 20. Be1 Qa7 21. Qd4 Rb8 22. Qxa7 Rxa7 23. cxb4 axb4 24. b3 g5 25. h3 Nd7 26. Rc2 f6 27. Rac1 Rbb7 28. Bf2 e5 29. Rd1 Rb5 30. Rdc1 e4 31. f4 Rba5 32. fxg5 fxg5 33. Be1 Rxa2 34. Bxb4 Rxc2 35. Rxc2 Rb7 36. Bd6 Rxb3 37. Rc7 Nf6 38. Kf2 g4 39. Be5 gxh3 40. gxh3 Nh5 41. Rc5 Rd3 42. Bd4 Nf4 43. Rc7 Ne6 44. Rc8+ Kh7 45. Be5 Kg6 46. Rc6 Kf5 47. Bg3 Ng5 48. h4 Rd2+ 49. Kf1 Nf3 50. Bf2 Ne5 51. Rc7 g6 52. Bg3 Nf3 53. Bf2 Nh2+ 54. Ke1 Nf3+ 55. Kf1 Ne5 56. Bg3 Ng4 57. Bf4 Nh2+ 58. Bxh2 Rxh2 59. Rf7+ Kg4 60. Rf6 Rxh4 61. Rxg6+ Kf3 1/2-1/2

[Event "Bionext Festival 2019"]
[Site "Chihuahua"]
[Date "2019.11.30"]
[Round "2.7"]
[White "Corrales Jimenez, Zenia"]
[Black "Sainz Aguirre, Ignacio"]
[Result "1-0"]
[ECO "B33"]
[WhiteElo "2219"]
[BlackElo "1884"]
[Annotator "NA"]
[PlyCount "54"]
[EventDate "2019.11.30"]
[EventType "swiss"]
[EventCountry "MEX"]
[SourceTitle "playchess.com"]
[Source "ChessBase"]
[SourceQuality "1"]
[TimeControl "5400+30"]

1. e4 c5 2. Nf3 Nc6 3. d4 cxd4 4. Nxd4 Nf6 5. Nc3 e5 6. Ndb5 d6 7. Nd5 Nxd5 8. exd5 Ne7 9. c4 Ng6 10. h4 h5 11. g3 a6 12. Nc3 Bg4 13. Be2 Bxe2 14. Qxe2 Be7 15. Ne4 Rc8 16. Bg5 Bxg5 17. Nxg5 Qa5+ 18. Kf1 b5 19. Ne4 Rd8 20. cxb5 axb5 21. Kg2 Ne7 22. Qf3 b4 23. Rhd1 Qa7 24. Ng5 Ng6 25. Rac1 Qe7 26. Rc4 Ra8 27. Rdc1 O-O 1-0

[Event "Bionext Festival 2019"]
[Site "Chihuahua"]
[Date "2019.11.30"]
[Round "2.8"]
[White "Gonzalez Estrada, Jesus Yo"]
[Black "Rodriguez Rivera, Pedro"]
[Result "1-0"]
[ECO "A55"]
[WhiteElo "1891"]
[BlackElo "2188"]
[Annotator "NA"]
[PlyCount "93"]
[EventDate "2019.11.30"]
[EventType "swiss"]
[EventCountry "MEX"]
[SourceTitle "playchess.com"]
[Source "ChessBase"]
[SourceQuality "1"]
[TimeControl "5400+30"]

1. Nf3 Nf6 2. d4 d6 3. c4 Nbd7 4. Nc3 e5 5. e4 Be7 6. Be2 O-O 7. O-O Re8 8. d5 Nc5 9. Qc2 a5 10. Be3 Na6 11. Rac1 Ng4 12. Bd2 c6 13. h3 Nf6 14. Rfd1 Qc7 15. Be3 Nd7 16. a3 c5 17. Nb5 Qd8 18. Nh2 Nc7 19. Nc3 Bg5 20. Qd2 Bxe3 21. Qxe3 Qh4 22. Bf1 Qf4 23. Qe1 Nb6 24. Rd3 Bd7 25. Rf3 Qg5 26. Rd1 Nc8 27. Rg3 Qh4 28. Be2 Ne7 29. Bg4 f5 30. Nf3 Qf6 31. exf5 Nxf5 32. Ne4 Qd8 33. Bxf5 Bxf5 34. a4 Bxe4 35. Qxe4 Qd7 36. Ng5 g6 37. h4 Rf8 38. h5 Rf4 39. Qc2 Raf8 40. hxg6 Rxf2 41. gxh7+ Kh8 42. Qxf2 Rxf2 43. Kxf2 Qf5+ 44. Kg1 Qf4 45. Rf1 Qd4+ 46. Kh2 Qh4+ 47. Rh3 1-0

[Event "Bionext Festival 2019"]
[Site "Chihuahua"]
[Date "2019.11.30"]
[Round "2.9"]
[White "Hernandez Moya, Yuleisy"]
[Black "Bencomo, Murga Francisco"]
[Result "1-0"]
[ECO "B30"]
[WhiteElo "2181"]
[BlackElo "1865"]
[Annotator "NA"]
[PlyCount "59"]
[EventDate "2019.11.30"]
[EventType "swiss"]
[EventCountry "MEX"]
[SourceTitle "playchess.com"]
[Source "ChessBase"]
[SourceQuality "1"]
[TimeControl "5400+30"]

1. e4 c5 2. Nf3 Nc6 3. Bb5 e6 4. O-O Nge7 5. Re1 a6 6. Bf1 d5 7. exd5 Nxd5 8. d4 Nf6 9. Be3 cxd4 10. Nxd4 Nxd4 11. Bxd4 Be7 12. c4 Bd7 13. Nc3 Bc6 14. a3 Qd7 15. Bb6 Qxd1 16. Raxd1 Nd7 17. Bd4 a5 18. Bxg7 Rg8 19. Bd4 O-O-O 20. g3 Nc5 21. Bg2 Nb3 22. Bb6 Rxd1 23. Rxd1 Bf6 24. Bxc6 bxc6 25. Na4 Rg4 26. f4 Rg6 27. Rd3 Nc1 28. Rd6 Kb7 29. Rd7+ Kb8 30. Ba7+ 1-0

[Event "Bionext Festival 2019"]
[Site "Chihuahua"]
[Date "2019.11.30"]
[Round "2.10"]
[White "Vargas Miranda, Diego"]
[Black "Ramirez Ruacho, Juan Manuel"]
[Result "1/2-1/2"]
[ECO "B20"]
[WhiteElo "1892"]
[BlackElo "2175"]
[Annotator "NA"]
[PlyCount "34"]
[EventDate "2019.11.30"]
[EventType "swiss"]
[EventCountry "MEX"]
[SourceTitle "playchess.com"]
[Source "ChessBase"]
[SourceQuality "1"]
[TimeControl "5400+30"]

1. e4 c5 2. b3 Nc6 3. Bb2 d6 4. Bb5 Bd7 5. Ne2 Nf6 6. Nbc3 a6 7. Bxc6 Bxc6 8. d3 e6 9. Ng3 h5 10. Qd2 h4 11. Nge2 h3 12. g3 b5 13. O-O Be7 14. f3 Qb6 15. Kh1 e5 16. g4 Qb7 17. Ng3 g6 1/2-1/2

[Event "Bionext Festival 2019"]
[Site "Chihuahua"]
[Date "2019.11.30"]
[Round "2.11"]
[White "Rojas Quevedo, Luis Enriqu"]
[Black "Hernandez Jimenez, Alexander Andres"]
[Result "0-1"]
[ECO "B99"]
[WhiteElo "1795"]
[BlackElo "2135"]
[Annotator "NA"]
[PlyCount "56"]
[EventDate "2019.11.30"]
[EventType "swiss"]
[EventCountry "MEX"]
[SourceTitle "playchess.com"]
[Source "ChessBase"]
[SourceQuality "1"]
[TimeControl "5400+30"]

1. e4 c5 2. Nf3 d6 3. d4 cxd4 4. Nxd4 Nf6 5. Nc3 a6 6. Bg5 e6 7. f4 Nbd7 8. Qf3 Qc7 9. g4 Be7 10. O-O-O h6 11. Bxf6 gxf6 12. f5 Ne5 13. Qh3 Bd7 14. Nce2 Rc8 15. Nf4 d5 16. fxe6 Bxe6 17. Nfxe6 fxe6 18. exd5 Bc5 19. c3 Bxd4 20. Rxd4 Qc5 21. g5 f5 22. Qe3 Ng4 23. Qxe6+ Kd8 24. Kb1 Re8 25. Qxf5 Re1+ 26. Kc2 Ne3+ 27. Kd2 Nxf5 28. gxh6 Nxd4 0-1

[Event "Bionext Festival 2019"]
[Site "Chihuahua"]
[Date "2019.11.30"]
[Round "2.12"]
[White "Castillo Coca, Mairebis"]
[Black "Rubio Ramos, Jorge Yadir"]
[Result "1/2-1/2"]
[ECO "C00"]
[WhiteElo "2134"]
[BlackElo "1819"]
[Annotator "NA"]
[PlyCount "104"]
[EventDate "2019.11.30"]
[EventType "swiss"]
[EventCountry "MEX"]
[SourceTitle "playchess.com"]
[Source "ChessBase"]
[SourceQuality "1"]
[TimeControl "5400+30"]

1. e4 c5 2. Nf3 Nc6 3. d3 e6 4. Nbd2 d5 5. g3 Nf6 6. Bg2 Be7 7. O-O b6 8. Re1 Bb7 9. e5 Nd7 10. Nf1 g5 11. h3 h5 12. c3 g4 13. hxg4 hxg4 14. N3h2 Ndxe5 15. d4 Nf3+ 16. Nxf3 gxf3 17. Bxf3 Qd7 18. Bf4 O-O-O 19. a4 Bd6 20. Bxd6 Qxd6 21. a5 Nxa5 22. dxc5 Qc7 23. b4 Nc4 24. Rxa7 Kb8 25. Qa4 bxc5 26. Ra1 Nb6 27. Qb5 cxb4 28. Qxb4 Qd6 29. Qa5 Nc8 30. Rxb7+ Kxb7 31. c4 Qb6 32. Qa2 Kc7 33. cxd5 Kd7 34. Rb1 Qd6 35. Rb7+ Ke8 36. Qb2 Rg8 37. Rb5 Ne7 38. dxe6 Qxe6 39. Re5 Qd6 40. Ne3 Kf8 41. Nd5 Rb8 42. Qc3 Ng6 43. Re1 Nh4 44. Be4 f5 45. Bh1 f4 46. Qf6+ Qxf6 47. Nxf6 fxg3 48. Nxg8 gxf2+ 49. Kxf2 Kxg8 50. Be4 Kg7 51. Rg1+ Kf6 52. Rg4 Nf5 1/2-1/2

[Event "Bionext Festival 2019"]
[Site "Chihuahua"]
[Date "2019.11.30"]
[Round "4.7"]
[White "Corrales Jimenez, Zenia"]
[Black "Ibarra Elizarraras, Juan Jose"]
[Result "*"]
[ECO "C01"]
[WhiteElo "2219"]
[BlackElo "1889"]
[Annotator "RC"]
[PlyCount "87"]
[EventDate "2019.11.30"]
[EventType "swiss"]
[EventCountry "MEX"]
[SourceTitle "playchess.com"]
[Source "ChessBase"]
[SourceQuality "1"]
[TimeControl "5400+30"]

1. e4 e6 2. d4 d5 3. Bd3 Nf6 4. e5 Nfd7 5. Nf3 b6 6. Ng5 h6 7. Qh5 hxg5 8. Qxh8 Ba6 9. Qh7 Bxd3 10. Qxd3 c5 11. c3 c4 12. Qg3 Be7 13. f4 Nc6 14. fxg5 Qc7 15. O-O O-O-O 16. Rxf7 g6 17. Be3 Rh8 18. Nd2 Qd8 19. Qg4 Nf8 20. Rxf8 Rxf8 21. Qxe6+ Kc7 22. Qxg6 Rg8 23. Qf7 Rf8 24. Qh5 Rh8 25. Qg4 Qg8 26. g6 Rh4 27. Qg3 Kb7 28. Rf1 Nd8 29. Bg5 Bxg5 30. Qxg5 Rh7 31. gxh7 Qxg5 32. h8=Q Qxd2 33. Qxd8 Qe3+ 34. Kh1 Qe2 35. Qxd5+ Ka6 36. Qf3 Qxb2 37. e6 Qa3 38. Re1 Qe7 39. d5 Qh4 40. Qe4 Qf2 41. e7 Qd2 42. e8=Q Qxc3 43. Qa4+ Qa5 44. Qexc4+ *

[Event "Bionext Festival 2019"]
[Site "Chihuahua"]
[Date "2019.11.30"]
[Round "4.10"]
[White "Gonzalez Estrada, Jesus Yo"]
[Black "Ramirez Ruacho, Juan Manuel"]
[Result "0-1"]
[ECO "A81"]
[WhiteElo "1891"]
[BlackElo "2175"]
[Annotator "RC"]
[PlyCount "58"]
[EventDate "2019.11.30"]
[EventType "swiss"]
[EventCountry "MEX"]
[SourceTitle "playchess.com"]
[Source "ChessBase"]
[SourceQuality "1"]
[TimeControl "5400+30"]

1. Nf3 f5 2. d4 Nf6 3. g3 b5 4. Bg2 e6 5. Ne5 c6 6. a4 b4 7. Bg5 Be7 8. e4 d6 9. Bxf6 Bxf6 10. Qh5+ g6 11. Nxg6 hxg6 12. Qxg6+ Kf8 13. c3 a5 14. Nd2 Ra7 15. e5 dxe5 16. dxe5 Bxe5 17. Nc4 Bxc3+ 18. bxc3 Rg7 19. Ne5 Rxg6 20. Nxg6+ Kf7 21. Nxh8+ Qxh8 22. O-O Qxc3 23. Rac1 Qb3 24. Bxc6 Nxc6 25. Rxc6 Bd7 26. Ra6 Qd5 27. Rc1 b3 28. Rb6 Kf6 29. Rc7 Bxa4 0-1

[Event "Bionext Festival 2019"]
[Site "Chihuahua"]
[Date "2019.12.02"]
[Round "7.3"]
[White "Macieja, Bartlomiej"]
[Black "Cuenca Jimenez, Jose Fernando"]
[Result "1/2-1/2"]
[ECO "D53"]
[WhiteElo "2513"]
[BlackElo "2523"]
[Annotator "ChessBase"]
[PlyCount "103"]
[EventDate "2019.11.30"]
[EventType "swiss"]
[EventCountry "MEX"]
[SourceTitle "playchess.com"]
[Source "ChessBase"]
[SourceQuality "1"]
[TimeControl "5400+30"]

1. d4 d5 2. c4 e6 3. Nc3 Nf6 4. Bg5 Be7 5. e3 O-O 6. Qc2 c5 7. dxc5 dxc4 8. Bxc4 Qa5 9. Nf3 Qxc5 10. Be2 b6 11. Rc1 Bb7 12. O-O Nbd7 13. Qa4 Rfc8 14. Rfd1 Qb4 15. Qxb4 Bxb4 16. Nb5 a6 17. Rxc8+ Rxc8 18. Nd6 Bxd6 19. Rxd6 b5 20. h3 Kf8 21. Bh4 Ke7 22. Rd2 h6 23. Bd3 g5 24. Bg3 Nc5 25. Be5 Nfe4 26. Bxe4 Nxe4 27. Re2 f6 28. Bd4 e5 29. Bb6 Rc1+ 30. Kh2 Rf1 31. Nd2 Rxf2 32. Rxf2 Nxf2 33. Nb3 Nd1 34. Nc5 Bc8 35. Nd3 e4 36. Nb4 Nxb2 37. Bd4 Nc4 38. Nd5+ Ke6 39. Nxf6 Nxe3 40. Nxe4 Kd5 41. Bxe3 Kxe4 42. Bc5 h5 43. Kg3 Be6 44. a3 a5 45. Kf2 Kd3 46. g4 hxg4 47. hxg4 Kc4 48. Be7 Kb3 49. Kg3 Bd5 50. Kh3 b4 51. axb4 axb4 52. Bxg5 1/2-1/2

[Event "Bionext Festival 2019"]
[Site "Chihuahua"]
[Date "2019.12.01"]
[Round "7.4"]
[White "Gomez, Zuniga David Fernand"]
[Black "Rascon Vega, Alfonso"]
[Result "1/2-1/2"]
[ECO "E69"]
[WhiteElo "2078"]
[BlackElo "2077"]
[Annotator "NA RC"]
[PlyCount "22"]
[EventDate "2019.11.30"]
[EventType "swiss"]
[EventCountry "MEX"]
[SourceTitle "playchess.com"]
[Source "ChessBase"]
[SourceQuality "1"]
[TimeControl "5400+30"]

1. d4 Nf6 2. Nf3 g6 3. g3 Bg7 4. Bg2 O-O 5. c4 d6 6. Nc3 c6 7. O-O Qa5 8. h3 e5 9. e4 Nbd7 10. d5 cxd5 11. cxd5 b5 1/2-1/2

[Event "Bionext Festival 2019"]
[Site "Chihuahua"]
[Date "2019.12.01"]
[Round "7.5"]
[White "Tello Chavez, Isaac Valent"]
[Black "Pina Gonzalez, Jose Antonio"]
[Result "*"]
[ECO "A25"]
[WhiteElo "2274"]
[BlackElo "2170"]
[Annotator "RC"]
[PlyCount "67"]
[EventDate "2019.11.30"]
[EventType "swiss"]
[EventCountry "MEX"]
[SourceTitle "playchess.com"]
[Source "ChessBase"]
[SourceQuality "1"]
[TimeControl "5400+30"]

1. c4 Nf6 2. Nc3 e5 3. g3 Nc6 4. Bg2 Bb4 5. Nd5 Be7 6. e3 O-O 7. Ne2 Nxd5 8. cxd5 Nb8 9. d4 exd4 10. Nxd4 d6 11. O-O Nd7 12. b3 Bf6 13. Bb2 Nc5 14. h3 a5 15. Qc2 Bd7 16. Rad1 Re8 17. Rfe1 Na6 18. Bc3 Nc5 19. Kh2 h6 20. f4 b5 21. a3 Qc8 22. e4 a4 23. b4 Bxd4 24. Bxd4 Nb3 25. Bb2 c5 26. dxc6 Bxc6 27. Rxd6 Bb7 28. Qd1 Qc4 29. Qg4 g6 30. Rxg6+ Kf8 31. Bg7+ Ke7 32. Bf6+ Kd6 33. Be5+ Ke7 34. Rd1 *

[Event "Bionext Festival 2019"]
[Site "Chihuahua"]
[Date "2019.12.01"]
[Round "7.7"]
[White "Rodriguez Rivera, Pedro"]
[Black "Rose, Felix"]
[Result "1-0"]
[ECO "B26"]
[WhiteElo "2188"]
[BlackElo "2059"]
[Annotator "ChessBase"]
[PlyCount "32"]
[EventDate "2019.11.30"]
[EventType "swiss"]
[EventCountry "MEX"]
[SourceTitle "playchess.com"]
[Source "ChessBase"]
[SourceQuality "1"]
[TimeControl "5400+30"]

1. e4 c5 2. Nc3 Nc6 3. d3 g6 4. g3 Bg7 5. Be3 d6 6. Qd2 e5 7. Bg2 Be6 8. Nge2 Qd7 9. Nd5 f5 10. c3 Nf6 11. Nxf6+ Bxf6 12. d4 exd4 13. cxd4 Nb4 14. O-O fxe4 15. Bxe4 Rc8 16. a3 Nd5 1-0

[Event "Bionext Festival 2019"]
[Site "Chihuahua"]
[Date "2019.12.01"]
[Round "7.10"]
[White "Hernandez Jimenez, Alexander Andres"]
[Black "Bencomo, Murga Francisco"]
[Result "1-0"]
[ECO "B45"]
[WhiteElo "2135"]
[BlackElo "1865"]
[Annotator "ChessBase"]
[PlyCount "109"]
[EventDate "2019.11.30"]
[EventType "swiss"]
[EventCountry "MEX"]
[SourceTitle "playchess.com"]
[Source "ChessBase"]
[SourceQuality "1"]
[TimeControl "5400+30"]

1. e4 c5 2. Nf3 Nc6 3. d4 cxd4 4. Nxd4 Nf6 5. Nc3 e6 6. Ndb5 Bb4 7. a3 Bxc3+ 8. Nxc3 d5 9. exd5 Nxd5 10. Nxd5 exd5 11. Be2 O-O 12. O-O Be6 13. Bd3 Qf6 14. Qh5 h6 15. Re1 Rfe8 16. Bd2 d4 17. Re4 Bd7 18. Rae1 Rxe4 19. Rxe4 Re8 20. Qe2 Re6 21. f4 a6 22. Bc4 Rxe4 23. Qxe4 Qf5 24. Bd3 Qxe4 25. Bxe4 Kf8 26. Kf2 Ke7 27. Ke2 f5 28. Bf3 b6 29. Kd3 a5 30. Be1 Kd6 31. Bf2 g6 32. Bxd4 b5 33. Bg7 h5 34. Bf8+ Ke6 35. b4 a4 36. c4 Na7 37. Bg7 Kd6 38. Be5+ Ke7 39. Bb2 Kd6 40. Bd5 bxc4+ 41. Bxc4 Bc6 42. Bf7 Bxg2 43. Bxg6 Bf1+ 44. Ke3 Ke6 45. Bxh5 Nb5 46. Bd1 Nd6 47. Kd2 Bb5 48. h4 Ne4+ 49. Ke3 Kd5 50. h5 Be8 51. h6 Bg6 52. Bxa4 Kc4 53. Be5 Bh7 54. Bc6 Ng3 55. b5 1-0